 Dungeon Crawl Stone Soup version 0.24.0-37-gcf1ca852f1 (webtiles) character file.

Game seed: 9988084187112391466, levelgen mode: deterministic

217 Amplified the Skirmisher (level 5, -2/48 HPs)
             Began as a Ghoul Monk on Dec 8, 2019.
             Killed from afar by Natasha (3 damage)
             ... with a magic dart
             ... on level 3 of the Dungeon.
             The game lasted 00:04:39 (3592 turns).

Amplified the Skirmisher (Ghoul Monk)               Turns: 3592, Time: 00:04:40

Health: -2/48      AC:  5    Str: 14 (15) XL:     5   Next: 94%
Magic:  4/4        EV: 11    Int:  5 (6)  God:
Gold:   172        SH:  0    Dex:  9 (11) Spells: 4/4 levels left

rFire    . . .     SeeInvis .     - Unarmed
rCold    + . .     Gourm    .   (no shield)
rNeg     + + +     Faith    .   k - +0 ring mail (curse)
rPois    ∞         Spirit   .   (no helmet)
rElec    .         Reflect  .   (no cloak)
rCorr    .         Harm     .   (no gloves)
MR       .....                  (no boots)
Stlth    +.........             (no amulet)
HPRegen  0.00/turn              (no ring)
MPRegen  0.09/turn              (no ring)

@: rotting, slowed, very slow
A: rotting body, claws 1, carnivore, cold resistance 1, negative energy
resistance 3, inhibited regeneration, torment resistance, unbreathing
a: no special abilities


You were on level 3 of the Dungeon.
You were not hungry.

You visited 1 branch of the dungeon, and saw 4 of its levels.

You collected 172 gold pieces.

Inventory:

Hand Weapons
 a - a +1 hand axe
Armour
 b - a +0 robe
 k - a cursed +0 ring mail (worn)
Scrolls
 d - 2 scrolls of remove curse
Potions
 f - a potion of lignification
 h - 2 potions of mutation
Comestibles
 c - 8 rations
 g - 2 chunks of flesh


   Skills:
 * Level 5.1 Fighting
 - Level 2.8 Axes
 + Level 3.5 Dodging
 - Level 2.1 Stealth
 * Level 3.4 Unarmed Combat


You had 4 spell levels left.
You didn't know any spells.
Your spell library was empty.

Dungeon Overview and Level Annotations

Branches:
Dungeon (4/15)
 Temple: D:4-7

Altars:

Annotations:
D:3 1 runed translucent door, Kobolds4U's ghost, amateur DECj; Natasha
D:4 Dowan; Grinder


Innate Abilities, Weirdness & Mutations

Your body is rotting away.
You thrive on raw meat.
You are immune to poison.
You have sharp fingernails.
You are carnivorous and can eat meat at any time.
Your flesh is cold resistant. (rC+)
You are immune to negative energy. (rN+++)
You do not regenerate when monsters are visible.
You are immune to unholy pain and torment.
You can survive without breathing.


Message History

You throw a javelin. The javelin barely misses Natasha.
The javelin closely misses the orc. x2; Natasha claws you.
* * * LOW HITPOINT WARNING * * *
Natasha casts a spell.
The orc priest begins to cast a cantrip, but forgets the words!
Unknown command.
Unknown command.
Unknown command.
Throwing (i - inventory)
i - a javelin (quivered)
Press: ? - help, Shift-Dir - straight line, f - orc, p - orc
Aim: an orc, wielding a -2 mace You throw a javelin.
The javelin pierces through Natasha.
Natasha is moderately wounded.
The javelin pierces through the orc but does no damage.
The javelin pierces through the orc priest but does no damage.
The javelin pierces through the orc.
The orc is moderately wounded.
Natasha casts a spell at you. The magic dart hits you.
You die...

##..####P.# #######.###.#####..#
#..').# #...............##
#..#).# .# #.#############.##
##..####P.# #.# #.## ..........#
#.# #o## ⌠.........# #.# #(##
..#'#####..# #.# #.##
#'#).)..#..# #5# #.##
).#.)#..#..### #@# #######.##
..#######....# #h# #.......#.
###.....P....###o#######.###.....
................oo..ooo......####
..###.##.....###o...####.....#
......##.....# #....# #.....#
#.##.......### #..((####....##
.....)####.## ##(###.#.####.#
.....)......# #[.# ##.#.# #.###


You could see an orc priest, Natasha, a crimson imp and 3 orcs.

Vanquished Creatures
  Duvessa (D:4)
  A gnoll (D:2)
  A howler monkey skeleton (D:3)
  3 adders
  2 oozes
  A dart slug (D:2)
  2 orcs (D:4)
  5 bats
  2 giant cockroaches
  6 goblins
  9 hobgoblins
  6 jackals
  9 kobolds
  6 frilled lizards
  5 rats
59 creatures vanquished.

Notes
Turn   | Place    | Note
-------+----------+-------------------------------------------
     0 | D:1      | Amplified the Ghoul Monk began the quest for the Orb.
     0 | D:1      | Reached XP level 1. HP: 19/19 MP: 0/0
   835 | D:1      | Reached XP level 2. HP: 26/26 MP: 1/1
  1404 | D:1      | Reached skill level 1 in Unarmed Combat
  1898 | D:2      | Reached XP level 3. HP: 26/30 MP: 2/2
  2397 | D:2      | Reached skill level 4 in Fighting
  2560 | D:3      | Found a runed translucent door.
  2560 | D:3      | Noticed Kobolds4U's ghost (amateur DECj)
  2705 | D:3      | Reached XP level 4. HP: 40/40 MP: 3/3
  3043 | D:3      | Noticed Natasha
  3428 | D:4      | Noticed Dowan
  3429 | D:4      | Noticed Duvessa
  3430 | D:4      | Noticed Grinder
  3446 | D:4      | Reached XP level 5. HP: 45/47 MP: 4/4
  3460 | D:4      | Killed Duvessa
  3460 | D:4      | Reached skill level 5 in Fighting
  3591 | D:3      | HP: 1/48 [Natasha (3)]
  3592 | D:3      | Killed from afar by Natasha

Levels and vault maps discovered:
D:1:      minmay_arrival_up_and_down, layout_loops_ring
D:2:      layout_loops_ring
D:3:      corexii_shack_village, layout_loops_ring,
          hellmonk_ghost_happy_afterlife, minivault_24, nrook_mini_backslash,
          uniq_natasha
D:4:      layout_loops_ring, kennysheep_mini_moat, yredelemnul_altar_generic,
          minitemple, minmay_puff, uniq_menkaure, uniq_grinder, uniq_duvessa

Skill      XL: |  1  2  3  4  5 |
---------------+----------------+-----
Unarmed Combat | 1 2 3 |  3.4
Dodging        | 3 |  3.5
Fighting       | 4 5 |  5.1
Axes           | |  2.8
Stealth        | |  2.1

Action                   |  1- 3 |  4- 6 || total
-------------------------+-------+-------++-------
Melee: Hand axe          |    17 |       ||    17
       Unarmed           |   107 |   131 ||   238
       Punch             |       |     1 ||     1
Throw: Javelin           |       |     3 ||     3
  Use: Scroll            |     4 |     3 ||     7
       Potion            |     2 |     8 ||    10
 Stab: Sleeping          |     3 |     1 ||     4
  Eat: Chunk             |     4 |     4 ||     8
       Ration            |     1 |       ||     1
Armor: Robe              |    25 |       ||    25
       Ring mail         |    14 |    40 ||    54
Dodge: Dodged            |    82 |    80 ||   162
